 Dungeon Crawl Stone Soup version 0.20-a0-904-gd863c46 (webtiles) character file.

83456 AlphabetPasta the Carver (level 15, -23/138 HPs)
             Began as a Naga Chaos Knight on Mar 21, 2017.
             Killed from afar by a battlesphere (28 damage)
             ... created by a tengu reaver
             ... on level 13 of the Dungeon.
             The game lasted 02:49:14 (22072 turns).

AlphabetPasta the Carver (Naga Chaos Knight)       Turns: 22072, Time: 02:49:16

Health: -23/138    AC: 17    Str: 13      XL:     15   Next: 77%
Magic:  24/24      EV: 17    Int: 16 (17) God:    Xom [*.....]
Gold:   1911       SH: 11    Dex: 14 (16) Spells: 18/26 levels left

rFire    . . .     SeeInvis +   a - +4 scimitar (flame)
rCold    + . .     Gourm    .   n - +0 acid dragon scales
rNeg     . . .     Faith    .   H - +2 buckler "Uluazus" {rPois Dex+3}
rPois    +         Spirit   .   K - +0 helmet
rElec    .         Reflect  +   c - +0 cloak
rCorr    +         Harm     .   Z - +0 pair of gloves {archery}
MR       +++++                  (no barding)
Stlth    ++........             o - amulet "Pun Esy" {Reflect *Slow MR+++ Dex-3 SH+4 Stlth+}
Regen    0.4/turn               F - +3 ring of evasion
MPRegen  0.2/turn               U - ring of protection from cold

@: short of breath, very slow
A: claws 1, yellow scales 2, see invisible, agile 1, clever 1, deformed body,
deterioration 1, magic resistance 1, poison resistance, slowness 2, slow
metabolism 1, spit poison 2, weak 1, wild magic 2, constrict 1, AC +5
a: Breathe Poison Gas, Renounce Religion


You were on level 13 of the Dungeon.
You worshipped Xom.
You were a special plaything of Xom.
You were not hungry.

You visited 3 branches of the dungeon, and saw 21 of its levels.
You also visited: Labyrinth and Volcano.

You collected 2601 gold pieces.
You spent 690 gold pieces at shops.

Inventory:

Hand Weapons
 a - a +4 scimitar of flaming (weapon)
 b - a +2 falchion of holy wrath
 d - a +3 long sword of freezing
Missiles
 m - 30 tomahawks
 r - 5 silver tomahawks
 N - 5 javelins of returning (quivered)
Armour
 c - a +0 cloak (worn)
 n - +0 acid dragon scales (worn)
 v - +0 fire dragon scales
 H - the +2 buckler "Uluazus" (worn) {rPois Dex+3}
   (You bought it in a shop on level 9 of the Dungeon)

   It affects your dexterity (+3).
   It protects you from poison.
 K - a +0 helmet (worn)
 Z - a +0 pair of gloves of archery (worn)
Jewellery
 o - the amulet "Pun Esy" (around neck) {Reflect *Slow MR+++ Dex-3 SH+4 Stlth+}
   (You found it on level 6 of the Dungeon)

   [amulet of reflection]

   It shields you and reflects attacks.
   It affects your dexterity (-3).
   It affects your resistance to hostile enchantments.
   It may slow you when you take damage.
   It affects your SH (+4).
   It makes you more stealthy.
 y - an uncursed ring of protection from magic
 F - a +3 ring of evasion (right hand)
 U - a ring of protection from cold (left hand)
Wands
 h - a wand of disintegration (8/24)
 k - a wand of flame (22/48)
 l - a wand of confusion (13/48)
 D - a wand of digging (11/24)
 G - a wand of flame (7/48)
 L - a wand of confusion (27/48)
 M - a wand of paralysis (19/24)
 T - a wand of iceblast (9/15)
Scrolls
 i - 3 scrolls of teleportation
 p - 2 scrolls of magic mapping
 t - 3 scrolls of recharging
 w - 4 scrolls of remove curse
 z - 3 scrolls of identify
 B - 3 scrolls of fog
 C - a scroll of enchant armour
 R - 2 scrolls of fear
 X - a scroll of holy word
Potions
 e - a potion of invisibility
 f - 4 potions of mutation
 g - 13 potions of curing
 q - a potion of resistance
 x - 2 potions of agility
 A - 2 potions of brilliance
 J - 4 potions of heal wounds
 P - 2 potions of magic
 Y - a potion of cancellation
Miscellaneous
 W - a lightning rod (2/4)
Comestibles
 j - 11 meat rations
 s - a chunk of flesh
 E - 12 fruits
 O - 16 royal jellies
 Q - 13 bread rations


   Skills:
 + Level 10.0 Fighting
 * Level 13.2 Long Blades
 + Level 8.5 Throwing
 + Level 8.0 Armour
 + Level 9.6 Dodging
 + Level 5.7 Shields
 + Level 6.4 Spellcasting
 + Level 3.7 Conjurations
 - Level 3.0 Translocations
 - Level 2.2 Fire Magic
 - Level 3.0 Air Magic
 + Level 9.1 Poison Magic
 + Level 6.0 Evocations


You had 18 spell levels left.
You knew the following spells:

 Your Spells              Type           Power        Failure   Level  Hunger
a - Mephitic Cloud        Conj/Pois/Air  #####...     21%         3    ##.....
b - Blink                 Tloc           N/A          21%         2    None
c - Conjure Flame         Conj/Fire      ###.....     32%         3    ##.....


Dungeon Overview and Level Annotations

Branches:
Dungeon (13/15)            Temple (0/1) D:5            Lair (6/6) D:9
 Shoals (0/4) Lair:3       Spider (0/4) Lair:2        Slime (0/5) Lair:5
    Orc (2/2) D:12            Elf (0/3) Orc:2
 Vaults: D:13-14

Altars:
Ashenzari
Cheibriados
Dithmenos
Elyvilon
Gozag
Hepliaklqana
Qazlal
Uskayaw
Vehumet
Xom
Yredelemnul
Zin
The Shining One
Beogh

Shops:
D:9 [   D:10 [   D:13 :   Orc:2 ?[?[%

Portals:
Trove: D:12 (give +3 shadow dragon scales)

Annotations:
Lair:6 exclusion: oklob plant


Innate Abilities, Weirdness & Mutations

You cannot wear boots.
Your serpentine skin is tough. (AC +5)
You have supernaturally acute eyesight. (SInv)
Armour fits poorly on your strangely shaped body.
Your system is resistant to poisons. (rPois)
You cover ground very slowly.
You have a slow metabolism.
You can exhale a cloud of poison.
You can use your snake-like lower body to constrict enemies.
You have sharp fingernails.
You are mostly covered in yellow scales. (AC +3)
You are agile. (Dex +2)
Your mind is acute. (Int +2)
Your body sometimes deteriorates upon taking damage.
You are resistant to hostile enchantments. (MR+)
You are weak. (Str -2)
Your spells are harder to cast, but more powerful.


Message History

* * * LOW HITPOINT WARNING * * *
The tengu reaver pecks you but does no damage.
The tengu reaver claws you but does no damage.
You hit the tengu reaver but do no damage.
The tengu reaver is almost dead.
You constrict the tengu reaver, but do no damage.
The hippogriff misses you.
The hippogriff pecks you but does no damage.
The hippogriff claws you.
* * * LOW HITPOINT WARNING * * *
You block the komodo dragon's attack. The tengu reaver blocks your attack.
The tengu reaver is almost dead.
You constrict the tengu reaver. The tengu reaver casts a spell at you.
The bolt of magma hits you!
* * * LOW HITPOINT WARNING * * *
The battlesphere fires!
The barrage of energy hits you!
You die...
Xom cackles wildly!

#######.....##....#..# #.#.....
##### #.....##....#..###.#.....
#....##.....##....#......#.....
#............#....#......#.....
#............#....#......#.....
#............#....#......#.....
######'############......######
..............H......:..........
..##..........Q@##..............
........#....l.##.............#
........(#......##....<........#
.........#....*.##.............#
.........#......##.....[........
...>.....#......................
...............................
##############################


You could see a tengu reaver, a komodo dragon, a hippogriff and a battlesphere.

Vanquished Creatures
  An orc warlord (Orc:2)
  Azrael (Orc:2)
  A dire elephant (Lair:6)
  An ettin (D:13)
  A fire dragon (Lair:5)
  A minotaur (Lab)
  Erolcha (D:9)
  8 hydras
  Fannar (Lair:3)
  A yaktaur captain (D:13)
  A centaur warrior (D:13)
  Erica (Lair:2)
  A catoblepas (Lair:6)
  6 two-headed ogres
  6 death yaks
  A deep troll shaman (Lair:6)
  9 orc high priests
  The ghost of BrendanD the Carver, a novice DsBe of Trog (Lair:1)
  A skeletal warrior (D:13)
  2 unseen horrors (D:13)
  An orc knight (Orc:2)
  2 cyclopes
  An ugly thing (D:11)
  3 manticores
  4 black mambas
  15 elephants
  Joseph (D:7)
  2 gargoyles (Volcano)
  The ghost of Vi the Covert, a novice SpEn of Kikubaaqudgha (D:6)
  13 spiny frogs
  11 komodo dragons
  12 rime drakes
  A queen bee (D:12)
  A merfolk (Lair:3)
  4 meliai
  3 trolls
  5 polar bears
  3 jumping spiders (Lair:2)
  A hornet (D:12)
  Prince Ribbit (D:5)
  10 hippogriffs
  Grinder (D:3)
  15 blink frogs
  A wandering mushroom (Lair:3)
  2 flying skulls (Volcano)
  Sigmund (D:3)
  2 vampires (D:13)
  A shadow (D:13)
  3 wraiths (D:10)
  18 yaks
  4 steam dragons
  4 basilisks
  5 wyverns
  2 fire elementals (Orc:2)
  Eustachio (D:6)
  3 hungry ghosts
  9 wargs
  Menkaure (D:6)
  13 water moccasins
  4 acid dragons
  7 porcupines
  4 hell hounds (Orc:2)
  A black bear (shapeshifter) (Lair:5)
  13 orc warriors
  An ice beast (D:9)
  2 necrophages
  3 slaves (D:5)
  A boggart (D:13)
  3 black bears
  2 phantoms
  3 sky beasts
  10 ogres
  17 wolves
  6 centaurs
  10 crocodiles
  19 bullfrogs
  2 big kobolds
  Blork the orc (D:6)
  A wyvern zombie (D:11)
  4 scorpions
  32 killer bees
  2 wights (D:10)
  2 electric eels
  5 crimson imps
  3 bullfrog zombies
  4 centaur zombies
  8 hounds
  3 quasits
  7 jellies
  25 orc priests
  3 bullfrog skeletons
  6 iguanas
  Natasha (D:1)
  12 orc wizards
  6 hell rats (Lair:6)
  10 worker ants
  A killer bee zombie (D:7)
  2 naga skeletons (Volcano)
  2 hound skeletons
  3 worker ant zombies
  3 gnolls (D:9)
  9 adders
  3 shadow imps
  A white imp (D:10)
  5 oozes
  An adder skeleton (D:6)
  2 worms
  A dart slug (D:3)
  4 leopard geckos
  107 orcs
  3 ball pythons
  3 giant cockroaches
  7 goblins
  8 hobgoblins
  14 jackals
  3 quokkas
  A quokka (shapeshifter) (D:3)
  8 bats
  8 frilled lizards
  A jackal skeleton (D:7)
  20 kobolds
  2 leopard gecko skeletons
  A quokka zombie (D:5)
  9 rats
  A butterfly (Lair:2)
703 creatures vanquished.

Vanquished Creatures (collateral kills)
  A catoblepas (Lair:2)
  A two-headed ogre (D:8)
  An orc high priest (Orc:2)
  An anaconda skeleton (Volcano)
  2 fire elementals (Orc:2)
  A crocodile (Lair:3)
  Dowan (D:5)
  4 orc priests
  2 hounds (D:7)
  An iguana (D:7)
  2 worker ants (D:7)
  4 orcs
21 creatures vanquished.

Vanquished Creatures (others)
  A dancing weapon (D:5)
  A cyclops (D:11)
  An ogre (D:5)
  A centaur (D:5)
  A hound (D:6)
  An orc wizard (D:8)
  A worker ant (D:5)
  An adder (D:5)
  A worm (D:9)
  A giant cockroach (D:5)
  A leopard gecko skeleton (D:6)
  2 fungi (Lair:5)
  3 plants
16 creatures vanquished.

Grand Total: 740 creatures vanquished

Notes
Turn   | Place    | Note
-------+----------+-------------------------------------------
     0 | D:1      | AlphabetPasta the Naga Chaos Knight began the quest for the Orb.
     0 | D:1      | Reached XP level 1. HP: 21/21 MP: 1/1
    92 | D:1      | Reached skill level 1 in Dodging
   124 | D:1      | XOM: silly message
   144 | D:1      | Reached XP level 2. HP: 24/28 MP: 2/2
   164 | D:1      | XOM: harmless Chrm miscast
   627 | D:1      | XOM: silly message
   718 | D:1      | Reached XP level 3. HP: 31/34 MP: 3/3
  1171 | D:2      | Noticed Natasha
  1181 | D:1      | XOM: divination: detect creatures
  1185 | D:1      | Killed Natasha
  1185 | D:1      | Reached XP level 4. HP: 20/42 MP: 4/4
  1281 | D:1      | XOM: give mutations
  1281 | D:1      | Gained mutation: You are agile. (Dex +2) [Xom's grace]
  1281 | D:1      | Gained mutation: You are partially covered in thin metallic scales. (AC +2) [Xom's grace]
  1281 | D:1      | Gained mutation: You are partially covered in yellow scales. (AC +2) [Xom's grace]
  1335 | D:2      | Reached skill level 1 in Throwing
  1745 | D:2      | XOM: cloud trail
  1875 | D:3      | Noticed Sigmund
  1892 | D:3      | Killed Sigmund
  1892 | D:3      | Reached skill level 4 in Long Blades
  1892 | D:3      | Reached XP level 5. HP: 36/49 MP: 5/5
  1892 | D:3      | Reached XP level 6. HP: 42/56 MP: 6/6
  2106 | D:2      | XOM: god gift: potion of curing
  2225 | D:3      | Noticed Grinder
  2231 | D:3      | XOM: enchant monster (good)
  2387 | D:3      | XOM: fog
  2390 | D:3      | Reached XP level 7. HP: 47/63 MP: 7/7
  2411 | D:3      | XOM: 2-stop teleportation journey
  2752 | D:3      | XOM: fake destruction
  2757 | D:3      | Killed Grinder
  2757 | D:3      | Reached skill level 5 in Long Blades
  3123 | D:4      | XOM: severe Fire miscast
  3340 | D:4      | Found a shattered altar of Ashenzari.
  3344 | D:4      | Found a stormy altar of Qazlal.
  3345 | D:4      | Found a glowing golden altar of the Shining One.
  3345 | D:4      | Found a shadowy altar of Dithmenos.
  3433 | D:4      | XOM: god gift: 8 silver tomahawks
  3707 | D:4      | Reached XP level 8. HP: 72/72 MP: 8/8
  3747 | D:4      | XOM: divination: magic mapping
  3781 | D:4      | Found an opulent altar of Gozag.
  3825 | D:4      | XOM: give mutations
  3825 | D:4      | Gained mutation: Your spells are a little harder to cast, but a little more powerful. [Xom's grace]
  3825 | D:4      | Gained mutation: You have a pair of small horns on your head. [Xom's grace]
  3825 | D:4      | Gained mutation: You can exhale a cloud of poison. [Xom's grace]
  3825 | D:4      | Gained mutation: You have sharp fingernails. [Xom's grace]
  3966 | D:5      | Entered Level 5 of the Dungeon
  4003 | D:5      | Found a hazy altar of Hepliaklqana.
  4030 | D:5      | XOM: harmless Tmut miscast
  4085 | D:5      | Noticed a hippogriff
  4089 | D:5      | XOM: silly message
  4091 | D:5      | XOM: summons 2 friendly demons
  4095 | D:5      | Killed a hippogriff
  4095 | D:5      | Reached skill level 6 in Long Blades
  4119 | D:5      | Noticed Dowan
  4121 | D:5      | Noticed Duvessa
  4121 | D:5      | Killed Dowan
  4123 | D:5      | Found a staircase to the Ecumenical Temple.
  4124 | D:5      | Noticed Prince Ribbit
  4127 | D:5      | XOM: silly message
  4132 | D:5      | Noticed Duvessa
  4132 | D:5      | Duvessa changed into Duvessa the scorpion
  4141 | D:5      | Killed Duvessa the scorpion
  4150 | D:5      | Killed Prince Ribbit
  4150 | D:5      | Reached skill level 5 in Fighting
  4150 | D:5      | Reached skill level 5 in Dodging
  4150 | D:5      | Reached XP level 9. HP: 43/81 MP: 9/9
  4272 | D:5      | Found a shimmering altar of Xom.
  4314 | D:5      | XOM: 1-stop teleportation journey
  4356 | D:5      | XOM: harmless Tmut miscast
  4448 | D:5      | XOM: summons friendly white imp
  4526 | D:5      | Noticed Pikel
  4532 | D:5      | Noticed Pikel
  4532 | D:5      | Pikel changed into Pikel the wyvern
  4532 | D:5      | XOM: polymorph Pikel -> Pikel the wyvern
  4534 | D:5      | Killed Pikel the wyvern
  4928 | D:6      | Noticed Blork the orc
  4942 | D:6      | Killed Blork the orc
  4942 | D:6      | Reached skill level 7 in Long Blades
  4971 | D:6      | Noticed Menkaure
  4971 | D:6      | Noticed Vi's ghost (novice SpEn)
  4973 | D:6      | XOM: polymorph iguana -> wolf
  5048 | D:6      | Got a faintly glowing zirconium amulet
  5108 | D:6      | Identified the amulet "Pun Esy" {Reflect *Slow MR+++ Dex-3 SH+4 Stlth+} (You found it on level 6 of the Dungeon)
  5288 | D:6      | Found a radiant altar of Vehumet.
  5304 | D:6      | XOM: cast spell 'Leda's Liquefaction'
  5330 | D:6      | Killed Menkaure
  5342 | D:6      | XOM: 1-stop teleportation journey
  5413 | D:6      | Found a basalt altar of Yredelemnul.
  5413 | D:6      | Found a hide-covered altar of Uskayaw.
  5430 | D:6      | Noticed Eustachio
  5441 | D:6      | Killed Eustachio
  5486 | D:6      | Found a white marble altar of Elyvilon.
  5507 | D:6      | XOM: summons friendly white imp
  5513 | D:6      | XOM: cleaving
  5529 | D:6      | Killed Vi's ghost
  5628 | D:6      | Reached XP level 10. HP: 91/91 MP: 10/10
  5841 | D:6      | XOM: give mutations
  5841 | D:6      | Gained mutation: You passively map a small area around you. [Xom's grace]
  5841 | D:6      | Gained mutation: Your spells are harder to cast, but more powerful. [Xom's grace]
  5885 | D:7      | Reached skill level 8 in Long Blades
  6098 | D:7      | XOM: cloud trail
  6411 | D:7      | Reached skill level 5 in Throwing
  6478 | D:7      | XOM: scenery: create altars
  6569 | D:7      | XOM: give mutations
  6569 | D:7      | Gained mutation: You are very agile. (Dex +4) [Xom's grace]
  6569 | D:7      | Gained mutation: Your spells are much harder to cast, but much more powerful. [Xom's grace]
  6707 | D:7      | Noticed Joseph
  6717 | D:7      | Killed Joseph
  6776 | D:8      | XOM: summons friendly crimson imp
  6877 | D:8      | Noticed a two-headed ogre
  6892 | D:8      | Killed a two-headed ogre
  6892 | D:8      | Reached skill level 5 in Armour
  6913 | D:8      | XOM: god gift: 37 gold pieces
  6935 | D:8      | XOM: fog
  6942 | D:8      | Reached skill level 9 in Long Blades
  7330 | D:8      | XOM: potion effect (invisibility)
  7346 | D:8      | Reached skill level 1 in Spellcasting
  7365 | D:8      | Noticed a two-headed ogre
  7369 | D:8      | Killed a two-headed ogre
  7491 | D:8      | Learned a level 3 spell: Mephitic Cloud
  7549 | D:9      | Reached XP level 11. HP: 99/99 MP: 13/13
  7660 | D:9      | XOM: harmless Tloc miscast
  7674 | D:9      | Noticed a death yak
  7675 | D:9      | Noticed a death yak
  7677 | D:9      | Noticed a death yak
  7956 | D:9      | Reached skill level 1 in Poison Magic
  7976 | D:9      | Found a snail-covered altar of Cheibriados.
  8024 | D:9      | Found a glowing silver altar of Zin.
  8027 | D:9      | XOM: divination: detect items
  8091 | D:9      | Found a staircase to the Lair.
  8091 | D:9      | Found Yneroqech's Antique Armour Shop.
  8103 | D:9      | Bought a twisted buckler for 256 gold pieces
  8142 | D:9      | XOM: summons 3 friendly demons
  8145 | D:9      | XOM: cast spell 'Metabolic Englaciation'
  8160 | D:9      | Killed a death yak
  8470 | D:9      | XOM: confuse monster(s)
  8506 | D:9      | Killed a death yak
  8506 | D:9      | Reached skill level 1 in Shields
  8508 | D:9      | Killed a death yak
  8843 | D:9      | Noticed Erolcha
  8856 | D:9      | Killed Erolcha
  9074 | D:9      | Identified the +2 buckler "Uluazus" {rPois Dex+3} (You bought it in a shop on level 9 of the Dungeon)
  9095 | D:10     | Entered Level 10 of the Dungeon
  9163 | D:10     | XOM: god gift: 52 gold pieces
  9240 | D:10     | XOM: enchant monster (bad)
  9259 | D:10     | Found Ezaezxi's Antique Armour Shoppe.
  9494 | D:10     | Reached skill level 10 in Long Blades
  9566 | D:10     | Reached skill level 1 in Conjurations
  9685 | D:10     | XOM: polymorph crimson imp -> white imp
  9688 | D:10     | XOM: chaos cloud
  9711 | D:10     | XOM: enchant monster (bad)
  9714 | D:10     | XOM: confuse monster(s)
  9898 | D:10     | XOM: harmless Pois miscast
 10139 | D:11     | XOM: 1-stop teleportation journey
 10181 | D:11     | Noticed a red ugly thing
 10186 | D:11     | Killed a red ugly thing
 10186 | D:11     | Reached skill level 1 in Air Magic
 10199 | D:11     | Noticed a cyclops
 10202 | D:11     | Killed a cyclops
 10202 | D:11     | Reached XP level 12. HP: 109/109 MP: 16/16
 10377 | D:11     | XOM: summons 5 hostile demons
 10387 | D:11     | XOM: chaos cloud
 10389 | D:11     | Paralysed by you for 3 turns
 10405 | D:11     | XOM: polymorph shadow imp -> crimson imp
 10441 | D:11     | XOM: harmless Tloc miscast
 10461 | D:11     | Gained mutation: Your body sometimes deteriorates upon taking damage. [mutagenic glow]
 10472 | D:11     | Noticed a seven-headed hydra
 10501 | D:11     | XOM: 1-stop teleportation journey
 10659 | D:11     | XOM: mild Ice miscast
 10799 | D:11     | XOM: potion effect (might)
 10910 | D:12     | Noticed a two-headed ogre
 10914 | D:12     | XOM: harmless Conj miscast
 10918 | D:12     | Killed a two-headed ogre
 10936 | D:12     | XOM: harmless Air miscast
 10959 | D:12     | XOM: silly message
 10960 | D:12     | Reached skill level 1 in Evocations
 10994 | D:12     | XOM: god gift: 20 gold pieces
 11067 | D:12     | XOM: harmless Pois miscast
 11189 | D:12     | XOM: noise
 11411 | D:12     | XOM: potion effect (brilliance)
 11426 | D:12     | XOM: divination: magic mapping
 11606 | D:12     | Found a staircase to the Orcish Mines.
 11653 | D:12     | Found a portal to a secret trove of treasure.
 11774 | D:9      | Learned a level 2 spell: Blink
 11775 | Lair:1   | Entered Level 1 of the Lair of Beasts
 11780 | Lair:1   | Noticed BrendanD's ghost (novice DsBe)
 11782 | Lair:1   | XOM: 2-stop teleportation journey
 11794 | Lair:1   | XOM: noise
 11802 | Lair:1   | Killed BrendanD's ghost
 11802 | Lair:1   | Reached skill level 5 in Poison Magic
 11845 | Lair:1   | Found a dark tunnel.
 11870 | Volcano  | Entered a volcano
 11933 | Volcano  | XOM: enchant monster (bad)
 12028 | Volcano  | XOM: enchant monster (good)
 12037 | Volcano  | Reached skill level 11 in Long Blades
 12407 | Lair:1   | XOM: scenery: create altars
 13016 | Lair:2   | Gained mutation: You can use your snake-like lower body to constrict enemies. [Naga growth]
 13016 | Lair:2   | Reached XP level 13. HP: 117/117 MP: 18/18
 13106 | Lair:2   | XOM: blink monster(s)
 13204 | Lair:1   | XOM: mild Air miscast
 13431 | Lair:2   | XOM: confuse monster(s)
 13440 | Lair:2   | XOM: cast spell 'Shadow Creatures'
 13466 | Lair:2   | Found a hole to the Spider Nest.
 13541 | Lair:2   | XOM: enchant monster (good)
 13557 | Lair:2   | XOM: divination: detect creatures
 13559 | Lair:2   | XOM: enchant monster (good)
 13574 | Lair:2   | Learned a level 3 spell: Conjure Flame
 13603 | Lair:2   | Noticed Erica
 13604 | Lair:2   | XOM: potion effect (invisibility)
 13612 | Lair:2   | Killed Erica
 13902 | Lair:3   | XOM: potion effect (invisibility)
 13913 | Lair:3   | Reached skill level 1 in Translocations
 13936 | Lair:3   | Found a labyrinth entrance.
 13968 | Lab      | Entered a labyrinth
 14010 | Lab      | Noticed a minotaur
 14017 | Lab      | Killed a minotaur
 14075 | Lair:3   | Found a staircase to the Shoals.
 14282 | Lair:3   | XOM: divination: detect creatures
 14289 | Lair:3   | XOM: polymorph oklob plant -> wandering mushroom
 14507 | Lair:3   | Noticed Fannar
 14509 | Lair:3   | XOM: enchant monster (good)
 14511 | Lair:3   | XOM: summons 3 friendly demons
 14521 | Lair:3   | Killed Fannar
 14909 | Lair:4   | XOM: 1-stop teleportation journey
 14962 | Lair:4   | XOM: 7-stop teleportation journey
 15170 | Lair:4   | XOM: cleaving
 15173 | Lair:4   | Reached skill level 5 in Spellcasting
 15175 | Lair:4   | Reached skill level 1 in Fire Magic
 15190 | Lair:4   | XOM: destruction
 15370 | Lair:5   | Reached XP level 14. HP: 116/129 MP: 21/21
 15441 | Lair:5   | Reached skill level 12 in Long Blades
 15441 | Lair:5   | XOM: noise
 15640 | Lair:5   | XOM: 1-stop teleportation journey
 15662 | Lair:5   | XOM: polymorph rime drake -> hornet
 15664 | Lair:5   | XOM: polymorph hornet -> queen bee
 15965 | Lair:4   | XOM: give mutations
 15965 | Lair:4   | Gained mutation: You are robust. (+10% HP) [Xom's grace]
 15965 | Lair:4   | Gained mutation: You possess an exceptional clarity of mind. [Xom's grace]
 16128 | Lair:5   | XOM: 2-stop teleportation journey
 16129 | Lair:5   | Found a staircase to the Slime Pits.
 16204 | Lair:5   | XOM: scenery: create altars
 16782 | Lair:6   | Entered Level 6 of the Lair of Beasts
 16786 | Lair:6   | XOM: cast spell 'Summon Butterflies'
 16894 | Lair:5   | XOM: summons 7 hostile demons
 16896 | Lair:5   | XOM: summons friendly quasit
 17096 | Lair:5   | XOM: medium Pois miscast
 17098 | Lair:5   | XOM: blink monster(s)
 17134 | Lair:5   | Reached skill level 5 in Shields
 17434 | Lair:6   | Noticed a dire elephant
 17434 | Lair:6   | a catoblepas changed into a dire elephant
 17434 | Lair:6   | XOM: polymorph catoblepas -> dire elephant
 17450 | Lair:6   | XOM: scenery: create altars
 17456 | Lair:6   | Killed a dire elephant
 17466 | Lair:6   | XOM: summons 7 hostile demons
 17505 | Lair:6   | XOM: noise
 17658 | Lair:5   | XOM: medium Necr miscast
 17735 | Lair:6   | XOM: blink monster(s)
 17872 | Lair:6   | Upgraded the game from 0.20-a0-903-g7e3609c to 0.20-a0-904-gd863c46
 17961 | Lair:6   | XOM: 2-stop teleportation journey
 18264 | Lair:6   | Reached skill level 5 in Evocations
 18402 | Lair:6   | XOM: scenery: create altars
 18408 | Lair:6   | XOM: enchant monster (good)
 18411 | Lair:6   | XOM: summons 5 friendly demons
 18415 | Lair:6   | XOM: cleaving
 18442 | Lair:6   | Reached XP level 15. HP: 83/149 MP: 23/23
 18638 | Lair:6   | XOM: divination: detect creatures
 18711 | Lair:6   | Identified the cursed +0 plate armour of Wydew {+Inv rElec rN+ Regen+} (You found it on level 6 of the Lair of Beasts)
 18778 | Lair:6   | XOM: medium Air miscast
 18972 | Orc:1    | Entered Level 1 of the Orcish Mines
 19253 | Orc:1    | XOM: god gift: 59 gold pieces
 19288 | Orc:2    | Entered Level 2 of the Orcish Mines
 19288 | Orc:2    | Found a staircase to the Elven Halls.
 19289 | Orc:2    | Found Ituib's Food Emporium.
 19313 | Orc:1    | XOM: draining
 19399 | Orc:2    | XOM: harmless Ice miscast
 19690 | Orc:2    | XOM: give mutations
 19690 | Orc:2    | Gained mutation: You do not regenerate when monsters are visible. [Xom's mischief]
 19690 | Orc:2    | Lost mutation: You have a pair of small horns on your head. [Xom's mischief]
 19690 | Orc:2    | Lost mutation: You are very agile. (Dex +4) [Xom's mischief]
 19700 | Orc:2    | XOM: enchant monster (good)
 19704 | Orc:2    | XOM: enchant monster (bad)
 19705 | Orc:2    | Lost mutation: You can exhale a cloud of poison. [potion of mutation]
 19705 | Orc:2    | Lost mutation: You are agile. (Dex +2) [potion of mutation]
 19705 | Orc:2    | Lost mutation: Your spells are much harder to cast, but much more powerful. [potion of mutation]
 19705 | Orc:2    | Lost mutation: You are robust. (+10% HP) [potion of mutation]
 19705 | Orc:2    | Lost mutation: You passively map a small area around you. [potion of mutation]
 19705 | Orc:2    | Gained mutation: You are resistant to hostile enchantments. (MR+) [potion of mutation]
 19706 | Orc:2    | Lost mutation: You are resistant to hostile enchantments. (MR+) [potion of mutation]
 19706 | Orc:2    | Lost mutation: You possess an exceptional clarity of mind. [potion of mutation]
 19706 | Orc:2    | Lost mutation: Your body sometimes deteriorates upon taking damage. [potion of mutation]
 19706 | Orc:2    | Lost mutation: Your spells are harder to cast, but more powerful. [potion of mutation]
 19706 | Orc:2    | Lost mutation: You are partially covered in thin metallic scales. (AC +2) [potion of mutation]
 19706 | Orc:2    | Lost mutation: You do not regenerate when monsters are visible. [potion of mutation]
 19706 | Orc:2    | Gained mutation: You are weak. (Str -2) [potion of mutation]
 19706 | Orc:2    | Gained mutation: Your body sometimes deteriorates upon taking damage. [potion of mutation]
 19706 | Orc:2    | Gained mutation: You can exhale a cloud of poison. [potion of mutation]
 19706 | Orc:2    | Gained mutation: You are mostly covered in yellow scales. (AC +3) [potion of mutation]
 19720 | Orc:2    | XOM: smoke on damage
 19774 | Orc:2    | XOM: blink monster(s)
 19776 | Orc:2    | XOM: potion effect (invisibility)
 19781 | Orc:2    | XOM: summons friendly quasit
 19784 | Orc:2    | XOM: summons friendly crimson imp
 19796 | Orc:2    | XOM: summons 2 friendly demons
 19829 | Orc:2    | XOM: give mutations
 19829 | Orc:2    | Gained mutation: You are agile. (Dex +2) [Xom's grace]
 19829 | Orc:2    | Gained mutation: Your mind is acute. (Int +2) [Xom's grace]
 19829 | Orc:2    | Gained mutation: You are resistant to hostile enchantments. (MR+) [Xom's grace]
 19829 | Orc:2    | Gained mutation: Your spells are harder to cast, but more powerful. [Xom's grace]
 19934 | Orc:2    | XOM: noise
 19939 | Orc:2    | Found a roughly hewn altar of Beogh.
 19953 | Orc:2    | Found Unydess's Armour Shoppe.
 19953 | Orc:2    | Found Jogu's Magic Scroll Shop.
 19987 | Orc:2    | Reached skill level 13 in Long Blades
 20000 | Orc:2    | Noticed an orc warlord
 20017 | Orc:2    | Killed an orc warlord
 20023 | Orc:2    | XOM: 1-stop teleportation journey
 20153 | Orc:2    | XOM: medium Chrm miscast
 20195 | Orc:2    | XOM: noise
 20255 | Orc:2    | Bought a +0 helmet for 67 gold pieces
 20269 | Orc:2    | Bought a scroll of holy word for 120 gold pieces
 20446 | Orc:2    | Noticed Azrael
 20842 | Orc:1    | XOM: mild Hex miscast
 20925 | Orc:2    | Killed Azrael
 21042 | Orc:2    | Found Jyuh's Antique Armour Shoppe.
 21042 | Orc:2    | Found Vixepunt's Magic Scroll Shop.
 21047 | Orc:2    | Bought a pair of runed gloves for 247 gold pieces
 21384 | D:13     | Found Nocre's Book Shoppe.
 21661 | D:13     | XOM: swap monsters
 21663 | D:13     | Reached skill level 10 in Fighting
 21690 | D:13     | Noticed a frost giant
 21693 | D:13     | Noticed a tengu reaver
 21984 | D:13     | XOM: enchant monster (bad)
 21996 | D:13     | XOM: medium Chrm miscast
 22060 | D:13     | XOM: summons 2 hostile shadow creatures
 22072 | D:13     | HP: 5/138 [tengu reaver/bolt of magma (13)]
 22072 | D:13     | Killed from afar by a battlesphere

Vault maps used:
D:1:      dpeg_arrival_another_circle, minmay_misc_feat_four_crosses,
          serial_bayou_pond_d
D:2:      serial_bayou_lagoon_a, uniq_natasha
D:3:      first_bread, uniq_grinder, uniq_sigmund
D:4:      minitemple, grunt_gozag_breadcrumbs
D:5:      overflow_temple_1_default, minmay_temple_entry_large_hall,
          xom_confusion_cloud, uniq_pikel, uniq_duvessa, uniq_prince_ribbit1
D:6:      fiery_altar_vehumet, gammafunk_temple_overflow_elements, basic_altar,
          dk_rats_in_the_wall, uniq_eustachio, uniq_menkaure, uniq_blork_the_orc
D:7:      uniq_joseph
D:9:      zin_statuary, dpeg_lair_monsters, serial_shops, shop,
          cheibrodos_worm_habitat, uniq_erolcha
D:10:     cheibrodos_helix_gallery, serial_shops, nicolae_shop_behind_doors
D:12:     orc_0_dummy, enter_trove_6
D:13:     minmay_sliced_demisemicircle, serial_shops, kennysheep_little_box
Lair:1:   nicolae_volcano_entry_two_sided
Lair:2:   spider_nest_entry_funnel_web, minmay_holes,
          nicolae_quartered_pool_little, lemuel_fruit_fields, uniq_erica
Lair:3:   elwin_shoals_entry_rooms, lab_entry_generic, uniq_fannar
Lair:4:   guppyfry_lair_drakes, grunt_megastairs_3, infiniplex_staircase_pool
Lair:5:   nicolae_slime_entry_slimehenge, bobbens_dragon_lair_wall
Lair:6:   grunt_lair_end_beastmaster, cheibrodos_lair_lostbears,
          lemuel_fruit_tree
Orc:2:    st_orc_town, serial_shops, nicolae_shop_waterfront, uniq_azrael
Lab:      lab_block, lab_hedge, nicolae_lab_statue
Volcano:  volcano_tomb

Skill      XL: |  1  2  3  4  5  6  7  8  9 10 11 12 13 14 15 |
---------------+----------------------------------------------+-----
Dodging        | 1 2 3 5 6 7 8 9 |  9.6
Armour         | 2 3 4 5 6 7 8 |  8.0
Throwing       | 1 2 3 4 5 6 7 8 |  8.5
Long Blades    | 4 5 6 7 9 10 11 12 13 | 13.2
Fighting       | 4 5 6 7 8 9 10 | 10.0
Spellcasting   | 1 3 5 6 |  6.4
Poison Magic   | 3 5 7 8 9 |  9.1
Shields        | 2 3 4 5 |  5.7
Conjurations   | 1 2 3 |  3.7
Air Magic      | 1 2 3 |  3.0
Evocations     | 2 4 5 6 |  6.0
Translocations | 2 3 |  3.0
Fire Magic     | 1 2 |  2.2

Action                   |  1- 3 |  4- 6 |  7- 9 | 10-12 | 13-15 || total
-------------------------+-------+-------+-------+-------+-------++-------
Melee: Falchion          |    52 |   117 |   337 |   416 |    37 ||   959
       Headbutt          |       |       |    43 |   173 |   232 ||   448
       Long sword        |       |       |       |   268 |   113 ||   381
       Rapier            |       |       |       |     2 |     7 ||     9
       Scimitar          |       |       |       |       |   873 ||   873
       Constrict         |       |       |       |       |   183 ||   183
Throw: Tomahawk          |       |       |    10 |    56 |       ||    66
       Javelin           |       |       |       |       |    39 ||    39
 Cast: Mephitic Cloud    |       |       |       |     1 |       ||     1
 Abil: Spit Poison       |    38 |    23 |    24 |       |       ||    85
       Breathe Poison Ga |       |       |    26 |    67 |    63 ||   156
Evoke: Wand              |       |       |       |     3 |     3 ||     6
       Lightning rod     |       |       |       |       |     2 ||     2
  Use: Scroll            |     6 |     2 |     7 |    17 |    12 ||    44
       Potion            |       |     1 |     3 |    10 |    12 ||    26
 Stab: Paralysed         |       |       |     5 |       |     4 ||     9
       Petrified         |       |       |     3 |       |     1 ||     4
       Confused          |       |       |     2 |    10 |       ||    12
       Petrifying        |       |       |     2 |     1 |     1 ||     4
       Sleeping          |       |       |     1 |     5 |     7 ||    13
       Distracted        |       |       |     1 |       |     4 ||     5
       Invisible         |       |       |       |     2 |    22 ||    24
  Eat: Chunk             |     3 |     4 |    14 |    19 |    29 ||    69
       Royal jelly       |       |       |     1 |     6 |       ||     7
       Fruit             |       |       |       |     7 |     9 ||    16
Armor: Leather armour    |    25 |    63 |   141 |     7 |       ||   236
       Ring mail         |       |       |       |   225 |   295 ||   520
       Acid dragon scale |       |       |       |       |    27 ||    27
Dodge: Dodged            |    32 |    87 |   151 |   362 |   675 ||  1307
Block: Other             |       |       |    13 |    66 |       ||    79
       Reflection        |       |       |       |    10 |     9 ||    19
       Buckler           |       |       |       |   229 |   579 ||   808
       Rpst.: Falchion   |    13 |    27 |    45 |    69 |       ||   154
       Long sword        |       |       |       |    28 |    18 ||    46
       Scimitar          |       |       |       |       |   130 ||   130
